 Dungeon Crawl Stone Soup version 0.22-a0-617-g6d95e9e (webtiles) character file.

72 emperorscorpion the Skirmisher (level 4, -1/43 HPs)
             Began as a Naga Fighter on July 13, 2018.
             Slain by a gnoll
             ... wielding a +0 spear
              (3 damage)
             ... on level 2 of the Dungeon.
             The game lasted 00:02:46 (1742 turns).

emperorscorpion the Skirmisher (Naga Fighter)       Turns: 1742, Time: 00:02:47

Health: -1/43      AC:  5    Str: 23    XL:     4   Next: 25%
Magic:  4/4        EV:  5    Int:  9    God:
Gold:   78         SH:  9    Dex: 11    Spells: 3/3 levels left

rFire    . . .     SeeInvis +   a - +0 rapier
rCold    . . .     Gourm    .   c - +0 shield
rNeg     . . .     Faith    .   b - +0 scale mail
rPois    +         Spirit   .   (no helmet)
rElec    .         Reflect  .   (no cloak)
rCorr    .         Harm     .   (no gloves)
MR       .....                  (no barding)
Stlth    ..........             (no amulet)
HPRegen  0.14/turn              (no ring)
MPRegen  0.09/turn              (no ring)

@: mighty, very slow
A: large, see invisible, deformed body, poison resistance, slowness 2, slow
metabolism 1, spit poison 1, AC +1
a: Spit Poison


You were on level 2 of the Dungeon.
You were not hungry.

You visited 1 branch of the dungeon, and saw 2 of its levels.

You collected 78 gold pieces.

Inventory:

Hand Weapons
 a - a +0 rapier (weapon)
Missiles
 n - 3 tomahawks (quivered)
Armour
 b - a +0 scale mail (worn)
 c - a +0 shield (worn)
Scrolls
 e - 4 scrolls of identify {unknown}
 g - 2 scrolls of magic mapping {unknown}
 k - a scroll of fog {unknown}
 l - a scroll of immolation {unknown}
Potions
 h - a potion of lignification {unknown}
 i - 3 potions of curing {unknown}
 j - a potion of agility {unknown}
 m - a potion of magic {unknown}
 o - a potion of mutation {unknown}
Comestibles
 f - 5 rations


   Skills:
 + Level 3.6 Fighting
 + Level 2.5 Short Blades
 + Level 3.1 Armour
 + Level 0.2 Dodging
 + Level 2.8 Shields


You had 3 spell levels left.
You didn't know any spells.
Your spell library was empty.

Dungeon Overview and Level Annotations

Branches:
Dungeon (2/15)

Altars:


Innate Abilities, Weirdness & Mutations

You cannot wear boots.
Your serpentine skin is tough. (AC +1)
You have supernaturally acute eyesight. (SInv)
Armour fits poorly on your strangely shaped body.
Your system is resistant to poisons. (rPois)
You cover ground very slowly.
You have a slow metabolism.
You can spit poison.


Message History

You puncture the gnoll!
The gnoll is almost dead.
The gnoll hits you.
* * * LOW HITPOINT WARNING * * *
The gnoll hits you from afar with a spear of piercing.
* * * LOW HITPOINT WARNING * * *
x2 The gnoll hits you but does no damage.
You completely miss the gnoll.
The gnoll is almost dead.
The gnoll hits you but does no damage. x2
You closely miss the gnoll.
The gnoll is almost dead.
The gnoll hits you but does no damage. You block the gnoll's attack.
The gnoll barely misses you.
You puncture the gnoll!
You kill the gnoll!
Your Armour skill increases to level 3!
You block the gnoll's attack. x3
The gnoll hits you with a spear.
You die...

#.... #.#.. ###
#....g##.#.. ..g
+...g.'.g... .###+#
#.# #.....##g###
......# #g# #.... #g#
# .....# #.#
########.# # ...# #)#
#...<.### #.####'###
#.......# #...@g...#
#.....#.# #....g...#
####..#.# #..).....#
#..#.# #.####'###
#...). #..# #.#
###'##..
##.###(#######.....##
#..##.##..........##
##.##.##..........##
#.##.##..........##


You could see 2 gnolls.

Vanquished Creatures
  2 gnolls (D:2)
  An ooze (D:2)
  2 dart slugs (D:1)
  A leopard gecko (D:1)
  A giant cockroach (D:1)
  4 goblins
  10 hobgoblins
  A jackal (D:1)
  2 quokkas (D:2)
  2 ball pythons
  6 bats
  3 frilled lizards (D:1)
  3 kobolds (D:1)
  A rat (D:1)
39 creatures vanquished.

Notes
Turn   | Place    | Note
-------+----------+-------------------------------------------
     0 | D:1      | emperorscorpion the Naga Fighter began the quest for the Orb.
     0 | D:1      | Reached XP level 1. HP: 21/21 MP: 1/1
   162 | D:1      | Reached XP level 2. HP: 28/28 MP: 2/2
   504 | D:1      | Reached XP level 3. HP: 10/34 MP: 3/3
  1733 | D:2      | Reached XP level 4. HP: 15/43 MP: 4/4
  1738 | D:2      | HP: 2/43 [gnoll/spear of piercing (2)]
  1742 | D:2      | Slain by a gnoll

Vault maps used:
D:1:      nicolae_arrival_memento_mori, minmay_tromino_v4_a

Skill      XL: |  1  2  3  4 |
---------------+-------------+-----
Armour         | 3 |  3.1
Fighting       | |  3.6
Short Blades   | |  2.5
Dodging        | |  0.2
Shields        | |  2.8

Action                   |  1- 3 |  4- 6 || total
-------------------------+-------+-------++-------
Melee: Rapier            |   135 |     4 ||   139
 Abil: Spit Poison       |     3 |       ||     3
  Use: Potion            |       |     1 ||     1
  Eat: Chunk             |     2 |       ||     2
Armor: Scale mail        |    59 |     4 ||    63
Dodge: Dodged            |    35 |     1 ||    36
Block: Shield            |    62 |     4 ||    66

Table legend:
 A = Spawn XP
 B = Non-spawn XP
 C = Spawn XP percentage of total XP
 D = Spawn monster count
 E = Non-spawn monster count
 F = Spawn count percentage of total count
 G = Total turns spent on level
                    A         B        C        D         E        F      G
               +---------+---------+-------+---------+---------+-------+---------
         Total |       0 |     103 |   0.0 |       0 |      39 |   0.0 |  1742
               +---------+---------+-------+---------+---------+-------+---------
           D:1 |       0 |      46 |   0.0 |       0 |      25 |   0.0 |  1086
           D:2 |       0 |      57 |   0.0 |       0 |      14 |   0.0 |   656
               +---------+---------+-------+---------+---------+-------+---------
